 Dungeon Crawl Stone Soup version 0.30-a0-223-gcb0039aa0c (webtiles) character file.

Game seed: 4277323941092580238

35963 qw the Severer (level 13, -1/86 HPs)
             Began as a Gargoyle Fighter on Oct 9, 2022.
             Slain by an elephant (7 damage)
             ... on level 5 of the Lair of Beasts.
             The game lasted 00:05:46 (14550 turns).

qw the Severer (Gargoyle Fighter)                  Turns: 14550, Time: 00:05:47

Health: -1/86      AC: 33    Str: 25    XL:     13   Next: 87%
Magic:  13/13      EV: 12    Int:  9    God:
Gold:   686        SH: 10    Dex:  9    Spells: 12/12 levels left

rFire   . . .      SeeInvis .    Y - +6 broad axe (vorpal)
rCold   + . .      Faith    .    c - +0 buckler
rNeg    + . .      Spirit   .    v - +0 plate armour
rPois   inf        Reflect  +    m - +1 hat
rElec   +          Harm     .    g - +0 cloak
rCorr   .          Rampage  .    h - +3 pair of gauntlets of War {Slay+5}
Will    .....                    A - +0 pair of boots
Stlth   ..........               f - amulet of reflection
HPRegen 0.34/turn                z - +4 ring of evasion
MPRegen 0.13/turn                e - ring of protection from cold

@: about to teleport, very slow
A: sickness immunity, AC +9, negative energy resistance 1, electricity
resistance, torment resistance 1, petrification resistance, antennae 1,
MP-powered wands
a: no special abilities


You were on level 5 of the Lair of Beasts.
You visited 2 branches of the dungeon, and saw 16 of its levels.

You collected 1139 gold pieces.
You spent 453 gold pieces at shops.


Innate Abilities, Weirdness & Mutations

You are immune to sickness and miasma.
Your stone body is resilient. (AC +9)
You are immune to poison.
You resist negative energy. (rN+)
You are resistant to electric shocks. (rElec)
You are resistant to unholy torment.
You are immune to petrification.
You have a pair of small antennae on your head.
You expend magic power (3 MP) to strengthen your wands.


   Skills:
 - Level 12.1 Fighting
 + Level 15.0 Axes
 - Level 6.0 Throwing
 - Level 11.0 Armour
 - Level 2.3 Dodging
 - Level 7.3 Shields


You had 12 spell levels left.
You didn't know any spells.
Your spell library was empty.

Inventory:

Hand Weapons
 j - a +4 morningstar of freezing
 Y - a +6 vorpal broad axe (weapon)
Missiles
 q - 14 silver boomerangs
 u - 4 javelins (quivered)
Armour
 c - a +0 buckler (worn)
 g - a +0 cloak (worn)
 h - the +3 pair of gauntlets of War (worn) {Slay+5}
   (You acquired it on level 2 of the Dungeon)

   Slay:      It affects your accuracy & damage with ranged weapons and melee
   (+5).
 i - +0 acid dragon scales
 m - a +1 hat (worn)
 v - a +0 plate armour (worn)
 A - a +0 pair of boots (worn)
Jewellery
 e - a ring of protection from cold (right hand)
 f - an amulet of reflection (around neck)
 l - a ring of resist corrosion
 x - a ring of ice
 z - a +4 ring of evasion (left hand)
Scrolls
 a - 3 scrolls of identify
 b - 4 scrolls of teleportation
Potions
 d - 2 potions of might
 k - 4 potions of haste
 n - 2 potions of attraction
 p - 3 potions of mutation
 s - 2 potions of cancellation
 t - a potion of resistance
 w - a potion of curing

Dungeon Overview and Level Annotations

Branches:
Dungeon (11/15)            Temple (0/1) D:7            Lair (5/5) D:8
  Swamp (0/4) Lair:3       Spider (0/4) Lair:3        Slime (0/5) Lair:4
    Orc (0/2) D:11

Altars:
Ashenzari
Dithmenos
Elyvilon
Hepliaklqana
Nemelex Xobeh
Qazlal
Ru
Sif Muna
Jiyva

Shops:
D:1 [   D:11 (

Annotations:
D:9 3 runed translucent doors
Lair:4 2 transporters


Message History

The rime drake hisses angrily.
14542 ||| READING 6 scrolls of teleportation.
As you read the scroll of teleportation, it crumbles to dust.
You feel strangely unstable.
14543 ||| SWAPPING to +6 vorpal broad axe.
Your +4 morningstar of freezing stops glowing.
Y - a +6 vorpal broad axe (weapon)
You slice the rime drake!!
The rime drake is almost dead.
You hear an angry hiss.
The rime drake bites you.
A wyvern comes into view.
You barely miss the rime drake.
The rime drake is almost dead.
You block the rime drake's attack.
You closely miss the rime drake.
The rime drake is almost dead.
Your surroundings suddenly seem different.
Splash!
You fall into the shallow water.
Moving in this stuff is going to be slow.
An elephant comes into view.
The elephant trumpets!
Enter note: A hornet comes into view.
A komodo dragon comes into view.
14549 ||| READING 5 scrolls of teleportation.
As you read the scroll of teleportation, it crumbles to dust.
You feel strangely unstable.
The komodo dragon hisses angrily.
A cane toad comes into view.
The elephant tramples you but does no damage.
The elephant trunk-slaps you.
The cane toad gives a loud, deep croak!
You slash the elephant!
The elephant is moderately wounded.
You slash the plant!
The plant begins to die.
You hear an angry hiss. x2
A wind drake comes into view.
The elephant tramples you!
You die...

#~ ## # #~# ##~#
.##~~ ##P~# .~~.
~~.~ . #
#~~##~~# ~~#
#~~##~~~.~~#~~~#
~~.~~~Y~~~~~~P~~
F~ly~~P@~~~~~P~~
~###k###########
# {# #..k #...
~~... ~~~~.?.


You could see an elephant, a wind drake (wandering, repels missiles), a komodo
dragon, a cane toad and a hornet.

Vanquished Creatures
  Erica (D:11)
  4 hydras
  5 two-headed ogres
  8 death yaks
  Pikel (D:8)
  2 ugly things (D:11)
  5 black mambas
  7 elephants
  8 cane toads
  Maggie (D:8)
  3 rime drakes (Lair:3)
  6 komodo dragons
  A troll (D:8)
  2 polar bears
  A tyrant leech (Lair:3)
  3 hornets
  Prince Ribbit (D:8)
  9 blink frogs
  A dream sheep (Lair:5)
  28 yaks
  A shadow (D:11)
  6 wyverns
  A wraith (D:11)
  2 basilisks
  A redback (Lair:3)
  A swamp worm (Lair:3)
  2 acid dragons
  10 water moccasins
  2 black bears
  3 orc warriors
  An ice beast (D:7)
  An ogre (D:6)
  6 wolves
  9 centaurs
  A lemure (D:8)
  A phantom (D:5)
  4 kobold brigands
  11 bullfrogs
  3 scorpions
  10 wights
  A howler monkey (D:10)
  15 electric eels
  A crimson imp (D:8)
  5 hounds
  A gnoll bouda (D:9)
  A jelly (D:8)
  6 orc priests
  2 iguanas
  7 orc wizards
  Robin (D:2)
  9 adders
  5 gnolls (D:9)
  A shadow imp (D:7)
  2 white imps (D:8)
  2 dart slugs
  41 orcs
  9 ball pythons
  9 endoplasms
  A giant cockroach (D:4)
  16 goblins
  5 hobgoblins
  5 jackals
  23 kobolds
  4 quokkas
  6 bats
  3 frilled lizards
  4 rats
358 creatures vanquished.

Vanquished Creatures (others)
  An orc warrior (D:8)
  An orc wizard (D:8)
  4 fungi
  20 plants
26 creatures vanquished.

Grand Total: 384 creatures vanquished

Notes
Turn   | Place    | Note
-------+----------+-------------------------------------------
     0 | D:1      | qw the Gargoyle Fighter began the quest for the Orb.
     0 | D:1      | Reached XP level 1. HP: 14/14 MP: 1/1
     0 | D:1      | 0 ||| qw: Version: 0.2-a-17-g06abaee
     0 | D:1      | 0 ||| qw: Game counter: 2091
     0 | D:1      | 0 ||| qw: Always use a shield: true
     0 | D:1      | 0 ||| qw: God list: Okawaru
     0 | D:1      | 0 ||| qw: Allow faded altars: false
     0 | D:1      | 0 ||| qw: Do Orc after D:15 true
     0 | D:1      | 0 ||| qw: Do second Lair branch before Depths: true
     0 | D:1      | 0 ||| qw: Lair rune preference: random
     0 | D:1      | 0 ||| qw: Plans: Normal, Zot:1-4, God:TSO, Crypt, Tomb,
                  | Pan, Slime:5, Hells, Abyss, Orb
     0 | D:1      | 0 ||| PLANNING D:1-11
   214 | D:1      | Reached skill level 2 in Axes
   228 | D:1      | Found Liss's Antique Armour Shop.
   252 | D:1      | Reached XP level 2. HP: 9/19 MP: 2/2
   301 | D:1      | 301 ||| SHOPLISTING glowing crystal plate armour (1826
                  | gold, have 33).
   301 | D:1      | 301 ||| SHOPLISTING glowing scale mail (154 gold, have 33).
   301 | D:1      | 301 ||| SHOPLISTING glowing scarf (176 gold, have 33).
   301 | D:1      | 301 ||| SHOPLISTING pair of boots (99 gold, have 33).
   370 | D:1      | 370 ||| Stepping ~*~*~tactically~*~*~ (stealth).
   372 | D:1      | 372 ||| Stepping ~*~*~tactically~*~*~ (stealth).
   411 | D:1      | Found a sacrificial altar of Ru.
   510 | D:1      | 510 ||| DROPPING +0 club.
   631 | D:1      | Found a faded altar of an unknown god.
   811 | D:1      | 811 ||| UPGRADING to +1 chain mail of poison resistance.
   821 | D:1      | 821 ||| DROPPING +0 scale mail.
   822 | D:1      | 822 ||| UPGRADING to ring of resist corrosion.
   823 | D:1      | 823 ||| READING 3 scrolls labelled DUCZOY XAANWEO.
   824 | D:1      | 824 ||| READING scroll labelled YSIREUH QUMU.
   825 | D:1      | 825 ||| READING scroll labelled ZEJ BUODIZOB.
   826 | D:1      | 826 ||| READING scroll labelled RESYIS WAFF.
   827 | D:1      | 827 ||| READING scroll labelled ETYLAI PIUSAPN.
   828 | D:1      | 828 ||| READING scroll labelled USESUBL PAVYNK.
   832 | D:1      | 832 ||| READING 2 scrolls of identify.
   832 | D:1      | 832 ||| IDENTIFYING murky puce potion
   833 | D:1      | 833 ||| DROPPING potion of degeneration.
   862 | D:2      | 862 ||| Stepping ~*~*~tactically~*~*~ (stealth).
   864 | D:2      | Reached skill level 3 in Axes
   937 | D:2      | Reached XP level 3. HP: 12/23 MP: 3/3
  1114 | D:2      | 1114 ||| Stepping ~*~*~tactically~*~*~ (stealth).
  1283 | D:2      | 1283 ||| Stepping ~*~*~tactically~*~*~ (stealth).
  1285 | D:2      | 1285 ||| Stepping ~*~*~tactically~*~*~ (stealth).
  1288 | D:2      | Noticed Robin
  1289 | D:2      | 1289 ||| Stepping ~*~*~tactically~*~*~ (stealth).
  1299 | D:2      | Reached XP level 4. HP: 26/28 MP: 4/4
  1302 | D:2      | Killed Robin
  1405 | D:2      | 1405 ||| UPGRADING to +0 helmet.
  1410 | D:2      | 1410 ||| UPGRADING to amulet of reflection.
  1415 | D:2      | 1415 ||| UPGRADING to ring of protection from cold.
  1416 | D:2      | 1416 ||| READING scroll labelled ICHEIMNIAF.
  1416 | D:2      | Identified a scroll of acquirement
  1416 | D:2      | 1416 ||| ACQUIRING +3 pair of gauntlets of War {Slay+5}
  1416 | D:2      | Acquired the +3 pair of gauntlets of War {Slay+5}
  1416 | D:2      | Found the +3 pair of gauntlets of War {Slay+5}
  1418 | D:2      | 1418 ||| UPGRADING to +3 pair of gauntlets of War {Slay+5}.
  1423 | D:2      | 1423 ||| DRINKING 2 murky golden potions.
  1423 | D:2      | Gained mutation: You sometimes lose your temper in combat.
                  | [potion of mutation]
  1423 | D:2      | Gained mutation: You expend magic power (3 MP) to
                  | strengthen your wands. [potion of mutation]
  1424 | D:2      | 1424 ||| DRINKING potion of mutation.
  1424 | D:2      | Lost mutation: You sometimes lose your temper in combat.
                  | [potion of mutation]
  1424 | D:2      | Lost mutation: You expend magic power (3 MP) to strengthen
                  | your wands. [potion of mutation]
  1424 | D:2      | Gained mutation: You expend magic power (3 MP) to
                  | strengthen your wands. [potion of mutation]
  1424 | D:2      | Gained mutation: You have a pair of small antennae on your
                  | head. [potion of mutation]
  1425 | D:2      | 1425 ||| DROPPING +0 helmet.
  1426 | D:2      | 1426 ||| READING 2 scrolls of identify.
  1426 | D:2      | 1426 ||| IDENTIFYING bubbling orange potion
  1444 | D:3      | 1444 ||| STAIRDANCE
  1450 | D:3      | 1450 ||| STAIRDANCE
  1461 | D:3      | 1461 ||| STAIRDANCE
  1519 | D:3      | Reached skill level 1 in Throwing
  1529 | D:3      | Reached skill level 4 in Axes
  1641 | D:3      | 1641 ||| READING scroll of enchant weapon.
  1641 | D:3      | 1641 ||| ENCHANTING +1 war axe.
  1802 | D:3      | Reached XP level 5. HP: 32/32 MP: 5/5
  1923 | D:3      | 1923 ||| Stepping ~*~*~tactically~*~*~ (stealth).
  1974 | D:3      | 1974 ||| Stepping ~*~*~tactically~*~*~ (hiding).
  1978 | D:3      | 1978 ||| Stepping ~*~*~tactically~*~*~ (hiding).
  2231 | D:3      | 2231 ||| READING scroll labelled VIDUGH BEASUASS.
  2539 | D:4      | 2539 ||| DROPPING +0 morningstar.
  2675 | D:4      | Reached skill level 5 in Axes
  2784 | D:4      | Found a broken altar of Ashenzari.
  2989 | D:4      | 2989 ||| UPGRADING to +0 cloak.
  2994 | D:4      | 2994 ||| READING scroll labelled HOM FONEICWUI.
  2995 | D:4      | 2995 ||| READING 2 scrolls labelled VAILAO TOACY.
  2996 | D:4      | 2996 ||| DRINKING 2 clear potions.
  2997 | D:4      | 2997 ||| READING 2 scrolls of identify.
  2997 | D:4      | 2997 ||| IDENTIFYING black potion
  2998 | D:4      | 2998 ||| DROPPING scroll of immolation.
  3043 | D:5      | Entered Level 5 of the Dungeon
  3051 | D:5      | Reached XP level 6. HP: 38/38 MP: 6/6
  3054 | D:5      | 3054 ||| Stepping ~*~*~tactically~*~*~ (stealth).
  3232 | D:5      | Reached skill level 6 in Axes
  3232 | D:5      | Reached XP level 7. HP: 43/43 MP: 7/7
  3232 | D:5      | Found a stormy altar of Qazlal.
  3237 | D:5      | Found a white marble altar of Elyvilon.
  3241 | D:5      | Reached skill level 1 in Dodging
  3251 | D:5      | Reached skill level 7 in Axes
  3254 | D:5      | 3254 ||| FLEEEEING.
  3255 | D:5      | 3255 ||| FLEEEEING.
  3335 | D:5      | Reached XP level 8. HP: 49/49 MP: 8/8
  3337 | D:5      | 3337 ||| SWAPPING to +3 war axe.
  3338 | D:5      | 3338 ||| DROPPING +2 war axe.
  3392 | D:5      | 3392 ||| Stepping ~*~*~tactically~*~*~ (stealth).
  3394 | D:5      | 3394 ||| Stepping ~*~*~tactically~*~*~ (stealth).
  3395 | D:5      | 3395 ||| Stepping ~*~*~tactically~*~*~ (stealth).
  3417 | D:5      | 3417 ||| Stepping ~*~*~tactically~*~*~ (hiding).
  3533 | D:5      | 3533 ||| Stepping ~*~*~tactically~*~*~ (stealth).
  3534 | D:5      | 3534 ||| Stepping ~*~*~tactically~*~*~ (stealth).
  3597 | D:5      | Found a hazy altar of Hepliaklqana.
  3616 | D:5      | 3616 ||| Stepping ~*~*~tactically~*~*~ (stealth).
  3721 | D:5      | 3721 ||| READING scroll labelled YSONNA NIUSIUB.
  3722 | D:5      | 3722 ||| READING 2 scrolls of identify.
  3722 | D:5      | 3722 ||| IDENTIFYING silvery potion
  3723 | D:5      | 3723 ||| DROPPING potion of ambrosia.
  3758 | D:6      | 3758 ||| Stepping ~*~*~tactically~*~*~ (hiding).
  3892 | D:6      | 3892 ||| Stepping ~*~*~tactically~*~*~ (stealth).
  3947 | D:6      | Reached skill level 8 in Axes
  3980 | D:6      | Found a shadowy altar of Dithmenos.
  4124 | D:6      | Found a shimmering blue altar of Sif Muna.
  4331 | D:6      | Found a sparkling altar of Nemelex Xobeh.
  4540 | D:6      | Reached skill level 6 in Fighting
  4540 | D:6      | 4540 ||| UPGRADING to +1 hat.
  4545 | D:6      | 4545 ||| DROPPING ring of magical power.
  4607 | D:7      | 4607 ||| Stepping ~*~*~tactically~*~*~ (stealth).
  4608 | D:7      | 4608 ||| Stepping ~*~*~tactically~*~*~ (stealth).
  4609 | D:7      | 4609 ||| Stepping ~*~*~tactically~*~*~ (hiding).
  4780 | D:7      | Found Jeafof's Antique Armour Shop.
  4804 | D:7      | Noticed a wyvern
  4811 | D:7      | Killed a wyvern
  4844 | D:7      | 4844 ||| Stepping ~*~*~tactically~*~*~ (hiding).
  4884 | D:7      | Reached XP level 9. HP: 55/55 MP: 9/9
  4929 | D:7      | 4929 ||| Stepping ~*~*~tactically~*~*~ (stealth).
  4931 | D:7      | 4931 ||| Stepping ~*~*~tactically~*~*~ (stealth).
  4935 | D:7      | Reached skill level 9 in Axes
  4952 | D:7      | Found a staircase to the Ecumenical Temple.
  5316 | D:7      | 5316 ||| DROPPING +1 hat.
  5397 | D:8      | Noticed a hornet
  5408 | D:8      | Killed a hornet
  5476 | D:8      | 5476 ||| DROPPING +1 vorpal morningstar.
  5518 | D:8      | Noticed a troll
  5527 | D:8      | Noticed Pikel
  5531 | D:8      | Killed a troll
  5532 | D:8      | HP: 14/57 [orc wizard/+0 dagger (3)]
  5533 | D:8      | 5533 ||| READING 4 scrolls of teleportation.
  5534 | D:8      | 5534 ||| DRINKING 2 potions of heal wounds.
  5638 | D:8      | 5638 ||| Invisible monster not found???
  5660 | D:8      | Noticed Maggie
  5671 | D:8      | Killed Maggie
  5672 | D:8      | Reached skill level 10 in Axes
  5727 | D:8      | Noticed Prince Ribbit
  5747 | D:8      | Killed Prince Ribbit
  5748 | D:8      | Reached XP level 10. HP: 55/63 MP: 10/10
  5807 | D:8      | 5807 ||| Stepping ~*~*~tactically~*~*~ (hiding).
  5809 | D:8      | 5809 ||| Stepping ~*~*~tactically~*~*~ (hiding).
  5839 | D:8      | 5839 ||| Stepping ~*~*~tactically~*~*~ (stealth).
  5842 | D:8      | 5842 ||| Stepping ~*~*~tactically~*~*~ (stealth).
  5849 | D:8      | 5849 ||| Stepping ~*~*~tactically~*~*~ (stealth).
  5879 | D:8      | Found a staircase to the Lair.
  5893 | D:8      | Reached skill level 3 in Throwing
  5927 | D:8      | 5927 ||| DRINKING 4 potions of curing.
  5927 | D:8      | 5927 ||| (to cure confusion)
  5934 | D:8      | 5934 ||| DRINKING 2 cyan potions.
  5945 | D:8      | 5945 ||| DRINKING 3 potions of curing.
  5945 | D:8      | 5945 ||| (to cure confusion)
  5957 | D:8      | 5957 ||| DRINKING 2 potions of curing.
  5957 | D:8      | 5957 ||| (to cure confusion)
  5960 | D:8      | 5960 ||| DRINKING potion of curing.
  5960 | D:8      | 5960 ||| (to cure confusion)
  6137 | D:8      | Killed Pikel
  6138 | D:8      | Reached skill level 6 in Armour
  6590 | D:8      | 6590 ||| DROPPING orb of energy.
  6591 | D:8      | 6591 ||| UPGRADING to +0 plate armour.
  6601 | D:8      | 6601 ||| DROPPING +1 chain mail of poison resistance.
  6602 | D:8      | 6602 ||| READING 3 scrolls of identify.
  6602 | D:8      | 6602 ||| IDENTIFYING fuming red potion
  6603 | D:8      | 6603 ||| READING 2 scrolls of identify.
  6603 | D:8      | 6603 ||| IDENTIFYING metallic white potion
  6604 | D:8      | 6604 ||| DROPPING potion of flight.
  6605 | D:8      | 6605 ||| DROPPING potion of brilliance.
  6886 | D:9      | Found a runed translucent gate.
  6886 | D:9      | Found a runed translucent gate.
  6886 | D:9      | Found a runed translucent gate.
  6910 | D:9      | Noticed a two-headed ogre
  6924 | D:9      | Killed a two-headed ogre
  6925 | D:9      | Reached skill level 11 in Axes
  7006 | D:9      | Noticed a purple ugly thing
  7008 | D:9      | Noticed a white ugly thing
  7010 | D:9      | Noticed a two-headed ogre
  7019 | D:9      | Killed a two-headed ogre
  7020 | D:9      | Reached skill level 9 in Fighting
  7020 | D:9      | Reached XP level 11. HP: 66/71 MP: 11/11
  7070 | D:9      | 7070 ||| Stepping ~*~*~tactically~*~*~ (stealth).
  7072 | D:9      | 7072 ||| FLEEEEING.
  7296 | D:9      | 7296 ||| FLEEEEING.
  7299 | D:9      | 7299 ||| FLEEEEING.
  7350 | D:9      | 7350 ||| FLEEEEING.
  7351 | D:9      | 7351 ||| FLEEEEING.
  7352 | D:9      | 7352 ||| FLEEEEING.
  7353 | D:9      | 7353 ||| FLEEEEING.
  7354 | D:9      | 7354 ||| FLEEEEING.
  7355 | D:9      | 7355 ||| FLEEEEING.
  7530 | D:9      | Noticed a red ugly thing
  7531 | D:9      | Noticed a brown ugly thing
  7531 | D:9      | Noticed a glowing orange brain
  7533 | D:9      | Noticed a green ugly thing
  7534 | D:9      | Noticed a cyan ugly thing
  7625 | D:9      | 7625 ||| READING scroll labelled CIRAUT ARUSAR.
  7651 | D:10     | Entered Level 10 of the Dungeon
  7811 | D:10     | Noticed a two-headed ogre
  7816 | D:10     | 7816 ||| FLEEEEING.
  7817 | D:10     | 7817 ||| FLEEEEING.
  7850 | D:10     | 7850 ||| Stepping ~*~*~tactically~*~*~ (stealth).
  8085 | D:10     | 8085 ||| READING scroll of enchant weapon.
  8085 | D:10     | 8085 ||| ENCHANTING +3 war axe.
  8233 | D:10     | 8233 ||| Stepping ~*~*~tactically~*~*~ (stealth).
  8236 | D:10     | 8236 ||| Stepping ~*~*~tactically~*~*~ (hiding).
  8238 | D:10     | 8238 ||| Stepping ~*~*~tactically~*~*~ (hiding).
  8247 | D:10     | HP: 9/71 [two-headed ogre/+0 giant spiked club (27)]
  8248 | D:10     | 8248 ||| READING 4 scrolls of teleportation.
  8249 | D:10     | 8249 ||| DRINKING 3 potions of heal wounds.
  8250 | D:10     | 8250 ||| DRINKING 2 potions of heal wounds.
  8251 | D:10     | Killed a two-headed ogre
  8252 | D:10     | Reached skill level 12 in Axes
  8382 | D:10     | Noticed a two-headed ogre
  8392 | D:10     | Killed a two-headed ogre
  8830 | D:10     | 8830 ||| READING scroll labelled GANEWU FIXAGO.
  8931 | D:10     | 8931 ||| READING scroll labelled GIMUK EVUZUAN.
  8932 | D:10     | 8932 ||| READING 2 scrolls of identify.
  8932 | D:10     | 8932 ||| IDENTIFYING yellow potion
  8933 | D:10     | 8933 ||| DROPPING potion of berserk rage.
  9101 | D:11     | Noticed a purple ugly thing
  9112 | D:11     | Killed a purple ugly thing
  9113 | D:11     | Reached skill level 6 in Shields
  9168 | D:11     | Noticed a two-headed ogre
  9176 | D:11     | Killed a two-headed ogre
  9190 | D:11     | 9190 ||| Stepping ~*~*~tactically~*~*~ (stealth).
  9218 | D:11     | Reached skill level 9 in Armour
  9222 | D:11     | Found a staircase to the Orcish Mines.
  9222 | D:11     | Found Loihot's Weapon Shop.
  9232 | D:11     | 9232 ||| BUYING +5 hand axe of holy wrath (453 gold).
  9232 | D:11     | Bought a +5 hand axe of holy wrath for 453 gold pieces
  9267 | D:11     | 9267 ||| READING scroll of acquirement.
  9267 | D:11     | 9267 ||| ACQUIRING +5 vorpal broad axe
  9267 | D:11     | Acquired a +5 vorpal broad axe
  9269 | D:11     | 9269 ||| SWAPPING to +5 vorpal broad axe.
  9270 | D:11     | 9270 ||| DROPPING +5 hand axe of holy wrath.
  9271 | D:11     | 9271 ||| DROPPING +4 war axe of chaos.
  9309 | D:11     | Noticed a cyan ugly thing
  9320 | D:11     | Killed a cyan ugly thing
  9409 | D:11     | 9409 ||| READING scroll of enchant weapon.
  9409 | D:11     | 9409 ||| ENCHANTING +5 vorpal broad axe.
  9741 | D:11     | Noticed Erica
  9750 | D:11     | Killed Erica
  9853 | D:11     | 9853 ||| PLANNING LAIR
  9853 | D:11     | 9853 ||| DRINKING 2 green potions.
  9854 | D:11     | 9854 ||| READING 3 scrolls of identify.
  9854 | D:11     | 9854 ||| IDENTIFYING grey potion
  9944 | Lair:1   | Entered Level 1 of the Lair of Beasts
 10061 | Lair:1   | 10061 ||| Stepping ~*~*~tactically~*~*~ (stealth).
 10234 | Lair:1   | Reached XP level 12. HP: 77/77 MP: 12/12
 11020 | Lair:2   | 11020 ||| Stepping ~*~*~tactically~*~*~ (stealth).
 11023 | Lair:2   | 11023 ||| Stepping ~*~*~tactically~*~*~ (stealth).
 11031 | Lair:2   | 11031 ||| Stepping ~*~*~tactically~*~*~ (stealth).
 11076 | Lair:2   | Reached skill level 13 in Axes
 11918 | Lair:2   | 11918 ||| UPGRADING to +0 pair of boots.
 11923 | Lair:2   | 11923 ||| DROPPING amulet of guardian spirit.
 11924 | Lair:2   | 11924 ||| UPGRADING to +4 ring of evasion.
 11945 | Lair:3   | 11945 ||| Stepping ~*~*~tactically~*~*~ (stealth).
 11962 | Lair:3   | Noticed a seven-headed hydra
 11964 | Lair:3   | 11964 ||| SWAPPING to +4 morningstar of freezing.
 11970 | Lair:3   | Killed a seven-headed hydra
 11971 | Lair:3   | 11971 ||| SWAPPING to +6 vorpal broad axe.
 12016 | Lair:3   | 12016 ||| Stepping ~*~*~tactically~*~*~ (stealth).
 12064 | Lair:3   | Found a hole to the Spider Nest.
 12079 | Lair:3   | Identified the +4 rapier of the Wizarding Scorpion {vamp,
                  | rElec rPois rC- Stlth+}
 12218 | Lair:3   | 12218 ||| Stepping ~*~*~tactically~*~*~ (stealth).
 12219 | Lair:3   | 12219 ||| Stepping ~*~*~tactically~*~*~ (stealth).
 12220 | Lair:3   | 12220 ||| Stepping ~*~*~tactically~*~*~ (stealth).
 12221 | Lair:3   | 12221 ||| Stepping ~*~*~tactically~*~*~ (stealth).
 12317 | Lair:3   | Reached skill level 14 in Axes
 12549 | Lair:3   | Noticed a death yak
 12549 | Lair:3   | Noticed a death yak
 12551 | Lair:3   | Noticed a death yak
 12551 | Lair:3   | Noticed a death yak
 12563 | Lair:3   | Killed a death yak
 12564 | Lair:3   | Reached XP level 13. HP: 27/84 MP: 13/13
 12564 | Lair:3   | HP: 21/84 [death yak (6)]
 12565 | Lair:3   | 12565 ||| READING 7 scrolls of teleportation.
 12565 | Lair:3   | HP: 7/84 [death yak (9)]
 12566 | Lair:3   | 12566 ||| DRINKING 2 potions of heal wounds.
 12804 | Lair:3   | You fall into a shaft and drop 1 floor!
 12819 | Lair:4   | 12819 ||| Stepping ~*~*~tactically~*~*~ (stealth).
 12820 | Lair:4   | 12820 ||| Stepping ~*~*~tactically~*~*~ (stealth).
 12821 | Lair:4   | 12821 ||| Stepping ~*~*~tactically~*~*~ (stealth).
 12827 | Lair:4   | 12827 ||| Stepping ~*~*~tactically~*~*~ (stealth).
 12840 | Lair:4   | HP: 12/84 [death yak (16)]
 12841 | Lair:4   | 12841 ||| READING 6 scrolls of teleportation.
 12842 | Lair:4   | 12842 ||| DRINKING potion of heal wounds.
 13181 | Lair:4   | Reached skill level 15 in Axes
 13227 | Lair:4   | 13227 ||| READING 2 scrolls labelled FIMOLI OG DAG.
 13228 | Lair:4   | 13228 ||| DROPPING scroll of magic mapping.
 13270 | Lair:4   | Found a transporter.
 13423 | Lair:3   | 13423 ||| SWAPPING to +4 morningstar of freezing.
 13427 | Lair:3   | 13427 ||| SWAPPING to +6 vorpal broad axe.
 13601 | Lair:3   | Found a staircase to the Swamp.
 13817 | Lair:4   | Found a transporter.
 13929 | Lair:4   | Found a staircase to the Slime Pits.
 13929 | Lair:4   | Found a viscous altar of Jiyva.
 14337 | Lair:5   | Entered Level 5 of the Lair of Beasts
 14340 | Lair:5   | 14340 ||| STAIRDANCE
 14358 | Lair:5   | 14358 ||| STAIRDANCE
 14411 | Lair:5   | 14411 ||| STAIRDANCE
 14478 | Lair:5   | 14478 ||| Stepping ~*~*~tactically~*~*~ (stealth).
 14481 | Lair:5   | 14481 ||| Stepping ~*~*~tactically~*~*~ (stealth).
 14482 | Lair:5   | 14482 ||| Stepping ~*~*~tactically~*~*~ (stealth).
 14486 | Lair:5   | 14486 ||| Stepping ~*~*~tactically~*~*~ (stealth).
 14492 | Lair:5   | Reached skill level 6 in Throwing
 14512 | Lair:5   | 14512 ||| Stepping ~*~*~tactically~*~*~ (stealth).
 14518 | Lair:5   | 14518 ||| SWAPPING to +4 morningstar of freezing.
 14519 | Lair:5   | 14519 ||| Stepping ~*~*~tactically~*~*~ (outnumbered).
 14520 | Lair:5   | 14520 ||| SWAPPING to +6 vorpal broad axe.
 14521 | Lair:5   | 14521 ||| SWAPPING to +4 morningstar of freezing.
 14522 | Lair:5   | 14522 ||| Stepping ~*~*~tactically~*~*~ (outnumbered).
 14523 | Lair:5   | 14523 ||| Stepping ~*~*~tactically~*~*~ (outnumbered).
 14524 | Lair:5   | 14524 ||| Stepping ~*~*~tactically~*~*~ (outnumbered).
 14525 | Lair:5   | 14525 ||| Stepping ~*~*~tactically~*~*~ (outnumbered).
 14526 | Lair:5   | 14526 ||| Stepping ~*~*~tactically~*~*~ (outnumbered).
 14527 | Lair:5   | 14527 ||| Stepping ~*~*~tactically~*~*~ (outnumbered).
 14528 | Lair:5   | 14528 ||| Stepping ~*~*~tactically~*~*~ (outnumbered).
 14538 | Lair:5   | HP: 20/85 [six-headed hydra (6)]
 14539 | Lair:5   | 14539 ||| READING 7 scrolls of teleportation.
 14540 | Lair:5   | HP: 6/85 [dream sheep (6)]
 14541 | Lair:5   | Reached skill level 12 in Fighting
 14542 | Lair:5   | 14542 ||| READING 6 scrolls of teleportation.
 14543 | Lair:5   | 14543 ||| SWAPPING to +6 vorpal broad axe.
 14545 | Lair:5   | HP: 6/86 [rime drake (1)]
 14549 | Lair:5   | 14549 ||| READING 5 scrolls of teleportation.
 14550 | Lair:5   | Slain by an elephant

Levels and vault maps discovered:
D:1:      minmay_arrival_stone_box, layout_basic, serial_shops,
          nicolae_shop_statue_plus, shapermc_ecumenical_altar_starsandcircs,
          minmay_misc_feat_five, minmay_hexomino_r4
D:2:      layout_basic, uniq_robin
D:3:      layout_rooms, kennysheep_minor_cross, minivault_14, minmay_box_of_dots
D:4:      minmay_evil_eye, layout_basic, nicolae_ashenzari_skybound
D:5:      layout_rooms, kennysheep_mini_moat,
          mainiacjoe_overflow_large_starburst
D:6:      layout_gridville, nemelex_dance_club_becter,
          nicolae_dithmenos_shadow_blocks, kennysheep_little_box
D:7:      layout_basic, temple_doors_e, serial_shops, kennysheep_mini
D:8:      layout_basic, erik_lair_island, minmay_fire_ice_demons, uniq_maggie,
          uniq_pikel, uniq_prince_ribbit1
D:9:      layout_big_octagon, ploomutoo_gammafunk_ghost_potion_laboratory,
          centaur_isle
D:10:     layout_basic, minmay_unpleasant_kobolds
D:11:     layout_basic, orc_david_3, uniq_erica
Lair:1:   layout_layer_cave
Lair:2:   layout_chaotic_city, serial_bayou_lake_a, grunt_megastairs_4
Lair:3:   layout_long_grid, minmay_swamp_entry_worms, spider_nest_entry_webs,
          grunt_megastairs_2
Lair:4:   gammafunk_worm_tunnel, layout_cellular_growth, slime_entry_1,
          disabler_island, lemuel_fruit_tree, serial_bayou_shore_a,
          infiniplex_staircase_pool
Lair:5:   gammafunk_lair_ancient_temple, layout_cave_shapes, basic_altar,
          nicolae_lair_lil_pond

Skill      XL: |  1  2  3  4  5  6  7  8  9 10 11 12 13 |
---------------+----------------------------------------+-----
Axes           | 2 3 4 5 6 7 8 10 11 12 14 15 | 15.0
Throwing       | 1 3 4 6 |  6.0
Fighting       | 4 5 6 7 9 10 11 12 | 12.1
Dodging        | 1 2 |  2.3
Armour         | 4 5 7 9 10 11 | 11.0
Shields        | 4 5 6 7 |  7.3

Action                   |  1- 3 |  4- 6 |  7- 9 | 10-12 | 13-15 || total
-------------------------+-------+-------+-------+-------+-------++-------
Melee: War axe           |   133 |    83 |   158 |   234 |       ||   608
       Broad axe         |       |       |       |   161 |   138 ||   299
       Morningstar       |       |       |       |     6 |    14 ||    20
Throw: Javelin           |     6 |    17 |       |    59 |    10 ||    92
       Boomerang         |       |       |     8 |    15 |    21 ||    44
  Use: Scroll            |     7 |     7 |     3 |    11 |     6 ||    34
       Potion            |       |     3 |     1 |     8 |     2 ||    14
Armor: Scale mail        |    38 |       |       |       |       ||    38
       Chain mail        |    70 |    38 |    92 |    56 |       ||   256
       Plate armour      |       |       |       |   201 |   139 ||   340
Dodge: Dodged            |    61 |    24 |    62 |   132 |    85 ||   364
Block: Buckler           |    38 |    32 |    92 |   171 |    92 ||   425
       Reflection        |       |     2 |     3 |    27 |       ||    32

Table legend:
 A = Non-vault XP
 B = Vault XP
 C = Vault XP percentage of total XP
 D = Non-vault monster count
 E = Vault monster count
 F = Vault count percentage of total count
                 A         B        C        D         E       F
            +---------+---------+-------+---------+---------+-------
      Total |   45052 |    6324 |  12.3 |     295 |      63 |  17.6
            +---------+---------+-------+---------+---------+-------
        D:1 |      23 |       6 |  20.7 |      15 |       4 |  21.1
        D:2 |      40 |      36 |  47.4 |      18 |      12 |  40.0
        D:3 |      77 |      16 |  17.2 |      16 |       3 |  15.8
        D:4 |      11 |      82 |  88.2 |       6 |       2 |  25.0
        D:5 |    1021 |       0 |   0.0 |      26 |       0 |   0.0
        D:6 |     500 |     124 |  19.9 |      10 |       2 |  16.7
        D:7 |     556 |       0 |   0.0 |      11 |       0 |   0.0
        D:8 |    1855 |    2160 |  53.8 |      40 |      12 |  23.1
        D:9 |    3560 |     681 |  16.1 |      31 |       6 |  16.2
       D:10 |    2375 |     100 |   4.0 |      16 |       6 |  27.3
       D:11 |    2863 |    1118 |  28.1 |       7 |       7 |  50.0
     Lair:1 |    1757 |       0 |   0.0 |       7 |       0 |   0.0
     Lair:2 |    4463 |     834 |  15.7 |      22 |       2 |   8.3
     Lair:3 |   10528 |    1008 |   8.7 |      27 |       4 |  12.9
     Lair:4 |    9859 |     159 |   1.6 |      30 |       3 |   9.1
     Lair:5 |    5564 |       0 |   0.0 |      13 |       0 |   0.0
            +---------+---------+-------+---------+---------+-------
